 Dungeon Crawl Stone Soup version 0.24.0-7-gb3623d2c88 (webtiles) character file.

Game seed: 12928883018870150301, levelgen mode: deterministic

1810 Furryfag69 the Basher (level 8, -3/96 HPs)
             Began as a Minotaur Berserker on Nov 2, 2019.
             Was an Elder of Trog.
             Slain by a hornet (12 damage)
             ... on level 7 of the Dungeon.
             The game lasted 00:31:02 (7522 turns).

Furryfag69 the Basher (Minotaur Berserker)          Turns: 7522, Time: 00:31:02

Health: -3/96      AC:  7    Str: 31    XL:     8   Next: 84%
Magic:  7/7        EV: 15    Int: -1    God:    Trog [****..]
Gold:   76         SH:  0    Dex: 13    Spells: 7/7 levels left

rFire    . . .     SeeInvis .   s - +0 mace
rCold    . . .     Gourm    .   (no shield)
rNeg     . . .     Faith    .   t - +1 leather armour of Supple Strength {+Blink rElec Str+5 Int-5} (curse)
rPois    +         Spirit   .   (helmet restricted)
rElec    +         Reflect  .   (no cloak)
rCorr    .         Harm     .   r - +2 pair of gloves
MR       +....                  (no boots)
Stlth    ..........             (no amulet)
HPRegen  0.26/turn              a - ring of protection from magic
MPRegen  0.10/turn              n - ring of poison resistance

@: berserking, slowed, lost intelligence
A: retaliatory headbutt, horns 2
a: Berserk, Trog's Hand, Brothers in Arms, Renounce Religion, Evoke Blink


You were on level 7 of the Dungeon.
You worshipped Trog.
Trog was greatly pleased with you.
You were very hungry.

You visited 1 branch of the dungeon, and saw 7 of its levels.

You collected 326 gold pieces.
You spent 250 gold pieces at shops.

Inventory:

Hand Weapons
 s - a +0 mace (weapon)
Armour
 r - a +2 pair of gloves (worn)
 t - the cursed +1 leather armour of Supple Strength (worn) {+Blink rElec Str+5 Int-5}
   (You bought it in a shop on level 6 of the Dungeon)

   It affects your strength (+5).
   It affects your intelligence (-5).
   It insulates you from electricity.
   It lets you blink.
   It has a curse placed upon it.
Jewellery
 a - a ring of protection from magic (left hand)
 n - a ring of poison resistance (right hand)
Wands
 q - a wand of paralysis (8)
 x - a wand of digging (7)
Scrolls
 b - a scroll of immolation {unknown}
 e - 4 scrolls of remove curse
 g - 4 scrolls of fog {unknown}
 l - a scroll of enchant weapon {unknown}
 m - 5 scrolls of enchant armour {unknown}
 o - a scroll of magic mapping
 u - a scroll of silence {unknown}
Potions
 d - a potion of haste
 f - a potion of brilliance
 h - a potion of agility {unknown}
 i - a potion of mutation {unknown}
 j - 2 potions of curing
 k - a potion of flight
 p - a potion of berserk rage
 v - a potion of ambrosia {unknown}
 w - a potion of heal wounds {unknown}
Comestibles
 c - 8 rations


   Skills:
 - Level 3.6 Fighting
 * Level 11.6 Maces & Flails
 - Level 2.4 Armour
 + Level 6.0 Dodging
 + Level 3.1 Stealth


You had 7 spell levels left.
You didn't know any spells.
Your spell library was empty.

Dungeon Overview and Level Annotations

Branches:
Dungeon (7/15)             Temple (0/1) D:4

Altars:
Cheibriados
Qazlal
Ru
The Shining One

Shops:
D:6 [

Annotations:
D:5 1 runed translucent door, coffeespoons's ghost, amateur DDFi


Innate Abilities, Weirdness & Mutations

You reflexively headbutt those who attack you in melee.
You have a pair of horns on your head.


Message History

The ogre hits you with a +0 giant club!
You are too injured to fight recklessly!
You are too injured to fight recklessly!
A red film seems to cover your vision as you go berserk!
You feel yourself moving faster!
You feel mighty!
You are feeling very hungry.
The hornet closely misses you. You furiously retaliate!
You headbutt the hornet. The hornet stings you.
* * * LOW HITPOINT WARNING * * *
The ogre hits you with a +0 giant club!
* * * LOW HITPOINT WARNING * * *
The hornet misses you.
You sock the ogre!
The ogre is almost dead.
The hornet barely misses you. The ogre barely misses you.
You sock the ogre!
You kill the ogre!
Trog accepts your kill. The hornet stings you!
You die...

######....†...†..
.........#..........#......##
..#...?#..............####.#
.#....#.#..............# #.#
...#..#.#..............# #.#
......................# #)#
..##...................# #)#
............)..........# #)##
.......†....y@........## #))#
##.#...........>.....## ##.#
##........######### #####..
............# #######......
####..#####... .............
#..# ###########...... ####
#.<..†. ######. #.


You could see a hornet.

Vanquished Creatures
  A hippogriff (D:7)
  Sigmund (D:4)
  Eustachio (D:4)
  2 sky beasts (D:5)
  An ice beast (D:6)
  An ogre (D:7)
  A centaur (D:5)
  Blork the orc (D:6)
  2 bullfrogs
  A howler monkey (D:5)
  2 jellies
  An orc priest (D:6)
  Crazy Yiuf (D:4)
  5 orc wizards
  3 worker ants
  4 iguanas
  8 adders
  A shadow imp (D:5)
  2 adder zombies (D:5)
  2 oozes
  3 worms
  4 dart slugs
  3 leopard geckos
  16 orcs
  8 bats
  4 giant cockroaches
  14 goblins
  8 hobgoblins
  9 jackals
  16 kobolds
  2 quokkas (D:7)
  A ball python (D:2)
  4 frilled lizards (D:1)
  A jackal skeleton (D:7)
  14 rats
148 creatures vanquished.

Notes
Turn   | Place    | Note
-------+----------+-------------------------------------------
     0 | D:1      | Furryfag69 the Minotaur Berserker began the quest for the
                  | Orb.
     0 | D:1      | Reached XP level 1. HP: 19/19 MP: 0/0
    20 | D:1      | Reached skill level 4 in Maces & Flails
    65 | D:1      | Reached XP level 2. HP: 19/26 MP: 1/1
   234 | D:1      | Reached ** piety under Trog
   733 | D:1      | Reached XP level 3. HP: 23/31 MP: 2/2
   933 | D:1      | Reached skill level 5 in Maces & Flails
  1376 | D:2      | Found a stormy altar of Qazlal.
  1635 | D:2      | Reached XP level 4. HP: 39/39 MP: 3/3
  2207 | D:3      | Reached *** piety under Trog
  2233 | D:3      | Reached skill level 6 in Maces & Flails
  2934 | D:3      | Found a snail-covered altar of Cheibriados.
  3150 | D:4      | Found a staircase to the Ecumenical Temple.
  3227 | D:4      | Reached XP level 5. HP: 45/45 MP: 4/4
  3261 | D:4      | Noticed Sigmund
  3271 | D:4      | Killed Sigmund
  3271 | D:4      | Reached skill level 7 in Maces & Flails
  3271 | D:4      | Reached XP level 6. HP: 51/51 MP: 5/5
  3336 | D:4      | Noticed Eustachio
  3390 | D:4      | Found a runed translucent door.
  3391 | D:4      | Noticed Crazy Yiuf
  3733 | D:4      | Killed Crazy Yiuf
  3733 | D:4      | Reached skill level 1 in Stealth
  3855 | D:4      | Reached skill level 8 in Maces & Flails
  3986 | D:4      | Killed Eustachio
  3986 | D:4      | Reached XP level 7. HP: 44/57 MP: 6/6
  4148 | D:5      | Entered Level 5 of the Dungeon
  4425 | D:5      | Found a runed translucent door.
  4486 | D:5      | Reached skill level 9 in Maces & Flails
  5469 | D:5      | Found a glowing golden altar of the Shining One.
  5519 | D:5      | Reached skill level 10 in Maces & Flails
  5519 | D:5      | Reached XP level 8. HP: 46/64 MP: 7/7
  5693 | D:5      | Reached skill level 5 in Dodging
  5871 | D:5      | Noticed coffeespoons's ghost (amateur DDFi)
  5938 | D:6      | Noticed Blork the orc
  5949 | D:6      | Killed Blork the orc
  6464 | D:6      | Found a sacrificial altar of Ru.
  6480 | D:6      | Reached **** piety under Trog
  6786 | D:6      | Found Caisasib's Armour Shop.
  6791 | D:6      | Bought the cursed +1 leather armour of Supple Strength
                  | {+Blink rElec Str+5 Int-5} for 250 gold pieces
  6801 | D:6      | Lost intelligence.
  7424 | D:7      | Reached skill level 11 in Maces & Flails
  7454 | D:7      | Noticed a hippogriff
  7473 | D:7      | Killed a hippogriff
  7508 | D:7      | Noticed a hornet
  7522 | D:7      | Slain by a hornet

Levels and vault maps discovered:
D:1:      dpeg_arrival_tiny_i, layout_basic, glass_columns_a, st_stairs_13,
          minmay_small_reverse_x
D:2:      layout_loops_ring, nicolae_qazlal_general_emergency
D:3:      layout_basic, kennysheep_slug_shrine
D:4:      layout_basic, minmay_temple_entry_from_below_a, uniq_sigmund,
          uniq_eustachio, uniq_crazy_yiuf_cottage
D:5:      layout_loops_ring, first_ration, ebering_ghost_sewer_d,
          minmay_misc_feat_encased, nicolae_tso_carved_into_rock
D:6:      layout_loops_cross, serial_shops, kennysheep_little_box,
          nicolae_ru_sacrificial_ziggurat, uniq_blork_the_orc
D:7:      layout_rooms, serial_curves, eino_curves_01, eino_curves_02,
          uniq_joseph

Skill      XL: |  1  2  3  4  5  6  7  8 |
---------------+-------------------------+-----
Maces & Flails | 4 5 6 7 8 10 11 | 11.6
Dodging        | 3 4 6 |  6.0
Stealth        | 1 3 |  3.1
Fighting       | |  3.6
Armour         | |  2.4

Action                   |  1- 3 |  4- 6 |  7- 9 || total
-------------------------+-------+-------+-------++-------
Melee: Mace              |    67 |    94 |   145 ||   306
       Headbutt          |    14 |    26 |    33 ||    73
       Whip              |    51 |       |       ||    51
Invok: Berserk           |       |     3 |     3 ||     6
Evoke: Wand              |       |       |     1 ||     1
  Use: Scroll            |       |    13 |     3 ||    16
       Potion            |       |       |     1 ||     1
 Stab: Sleeping          |       |     1 |     6 ||     7
  Eat: Chunk             |     2 |    10 |     1 ||    13
       Ration            |       |       |     4 ||     4
Armor: Animal skin       |    21 |    17 |     7 ||    45
       Leather armour    |       |       |    15 ||    15
Dodge: Dodged            |    72 |    60 |   106 ||   238
